 Dungeon Crawl Stone Soup version 0.29-a0-317-gd16b76e6b1 (console) character file.

Game seed: 7318301408961440461

25533 Ignak the Thaumaturge (level 13, -27/147 HPs)
             Began as a Gnoll Hedge Wizard on Mar 31, 2022.
             Was a Priest of Sif Muna.
             Annihilated by Saint Roka
             ... wielding a +0 long sword
              (35 damage)
             ... on level 1 of the Orcish Mines.
             The game lasted 01:22:02 (22029 turns).

Ignak the Thaumaturge (Gnoll Hedge Wizard)         Turns: 22029, Time: 01:22:03

Health: -27/147    AC: 10    Str: 10    XL:     13   Next: 20%
Magic:  20/27      EV: 15    Int: 20    God:    Sif Muna [***...]
Gold:   943        SH:  8    Dex: 13    Spells: 6/33 levels left

rFire   + . .      SeeInvis .   a - +9 rapier {elec, *Rage Int+3}
rCold   + . .      Faith    .   K - +2 buckler
rNeg    . . .      Spirit   .   T - +2 troll leather armour
rPois   .          Reflect  .   s - +0 helmet
rElec   .          Harm     .   f - scarf {+Inv}
rCorr   .          Rampage  .   (no gloves)
Will    .....      Rage     20% r - +0 pair of boots of the Worm {rF++}
Stlth   ..........              h - amulet of the acrobat
HPRegen 1.14/turn               t - ring of wizardry
MPRegen 0.20/turn               g - ring of ice

@: berserking (expiring), very quick
A: fangs 1, strong nose, distributed training, mutation resistance 1
a: Renounce Religion, Evoke Invisibility, Channel Magic, Forget Spell


You were on level 1 of the Orcish Mines.
You worshipped Sif Muna.
Sif Muna was most pleased with you.
You visited 3 branches of the dungeon, and saw 15 of its levels.
You also visited: Volcano.

You collected 1295 gold pieces.
You spent 352 gold pieces at shops.

Inventory:

Hand Weapons
 a - the +9 rapier of Huracef (weapon) {elec, *Rage Int+3}
   (You took it off an orc wizard on level 7 of the Dungeon)

   It occasionally discharges a powerful burst of electricity upon striking a
   foe.
   Int:       It affects your intelligence (+3).
   *Rage:     It berserks you when you make melee attacks (+20% chance).
 b - the +4 spear "Luagrell" {vorpal, rPois Str+2 SInv}
   (You bought it in a shop on level 4 of the Dungeon)

   It inflicts extra damage upon your enemies.
   Str:       It affects your strength (+2).
   rPois:     It protects you from poison.
   SInv:      It lets you see invisible.
 E - a +0 spear of venom
 Q - the +6 dagger of Untimely Demise {vorpal, Fly}
   (You found it on level 10 of the Dungeon)

   It inflicts extra damage upon your enemies.
   Fly:       It grants you flight.
Missiles
 B - 3 silver javelins (quivered)
 P - 8 poisoned darts
Armour
 f - a scarf of invisibility (worn)
 m - a +0 pair of boots
 r - the +0 pair of boots of the Worm (worn) {rF++}
   (You found it on level 2 of the Dungeon)

   rF:        It greatly protects you from fire.
 s - a +0 helmet (worn)
 y - a +1 robe of willpower
 D - the +1 scale mail of Weak Liberty {rPois rF+ Dex+4 SInv}
   (You found it on level 6 of the Dungeon)

   Dex:       It affects your dexterity (+4).
   rF:        It protects you from fire.
   rPois:     It protects you from poison.
   SInv:      It lets you see invisible.
 K - a +2 buckler (worn)
 T - a +2 troll leather armour (worn)
Magical Staves
 c - a staff of conjuration
Jewellery
 g - a ring of ice (right hand)
 h - an amulet of the acrobat (around neck)
 k - a ring of ice
 t - a ring of wizardry (left hand)
 O - a ring of see invisible
 R - a ring of willpower
Wands
 i - a wand of digging (2)
 u - a wand of acid (29)
 v - a wand of paralysis (3)
 w - a wand of polymorph (9)
 I - a wand of flame (74)
 M - a wand of iceblast (10)
Scrolls
 e - 5 scrolls of teleportation
 n - 3 scrolls of fog
 p - a scroll of immolation
 q - a scroll of amnesia
 z - a scroll of holy word
 A - 3 scrolls of vulnerability
 C - 2 scrolls of identify
 H - 2 scrolls of blinking
Potions
 d - a potion of magic
 j - 2 potions of mutation
 l - a potion of resistance
 o - a potion of brilliance
 x - a potion of flight
 F - a potion of invisibility
 L - 3 potions of curing
 N - 4 potions of ambrosia


   Skills:
 + Level 8.1 Fighting
 + Level 8.1 Short Blades
 + Level 8.1 Long Blades
 + Level 8.1 Axes
 + Level 8.1 Maces & Flails
 + Level 8.1 Polearms
 + Level 8.1 Staves
 + Level 8.1 Slings
 + Level 8.1 Bows
 + Level 8.1 Crossbows
 + Level 8.1 Throwing
 + Level 8.1 Armour
 + Level 9.3 Dodging
 + Level 9.2 Stealth
 + Level 8.1 Shields
 + Level 8.1 Unarmed Combat
 + Level 10.8 Spellcasting
 + Level 7.1 Conjurations
 + Level 6.7 Hexes
 + Level 7.1 Summonings
 + Level 6.7 Necromancy
 + Level 7.1 Translocations
 + Level 6.7 Transmutations
 + Level 6.7 Fire Magic
 + Level 6.7 Ice Magic
 + Level 6.7 Air Magic
 + Level 6.7 Earth Magic
 + Level 6.7 Poison Magic
 + Level 8.8 Invocations
 + Level 8.1 Evocations


You had 6 spell levels left.
You knew the following spells:

 Your Spells              Type           Power      Damage    Failure   Level
a - Magic Dart            Conj           100%       1d8       1%          1
b - Blink                 Tloc           78%        N/A       1%          2
c - Slow                  Hex            100%       N/A       1%          1
d - Mephitic Cloud        Conj/Pois/Air  38%        N/A       1%          3
e - Summon Cactus Giant   Summ           19%        N/A       32%         6
f - Flame Wave            Conj/Fire      38%        2d9       2%          4
g - Ozocubu's Armour      Ice            54%        N/A       1%          3
h - Lightning Bolt        Conj/Air       19%        1d33      7%          5
r - Static Discharge      Conj/Air       38%        N/A       1%          2

Your spell library contained the following spells:

 Spells                   Type           Power      Damage    Failure   Level
 Animate Skeleton         Necr           74%        N/A       1%          1
 Apportation              Tloc           78%        N/A       1%          1
 Summon Small Mammal      Summ           100%       N/A       1%          1
 Call Imp                 Summ           39%        N/A       1%          2
 Scorch                   Fire           74%        2d8       1%          2
 Conjure Flame            Conj/Fire      38%        6-21      1%          3
 Ozocubu's Refrigeration  Ice            27%        4d10      89%         7
 Maxwell's Capacitive Co  Air            18%        ∞         100%        8


Dungeon Overview and Level Annotations

Branches:
Dungeon (12/15)            Temple (1/1) D:4            Lair (0/6) D:11
    Orc (2/2) D:11            Elf (0/3) Orc:2       Volcano (visited)

Altars:
Ashenzari
Cheibriados
Dithmenos
Elyvilon
Fedhas
Gozag
Hepliaklqana
Kikubaaqudgha
Makhleb
Nemelex Xobeh
Okawaru
Qazlal
Ru
Sif Muna
Trog
Uskayaw
Vehumet
Wu Jian
Xom
Yredelemnul
Zin
The Shining One
Beogh

Shops:
D:1 !   D:2 :   D:4 ((:(!   D:7 [   D:10 *

Annotations:
Orc:1 Saint Roka
Orc:2 Blork the orc


Innate Abilities, Weirdness & Mutations

You have very sharp teeth.
Your uncanny sense of smell can sniff out nearby items.
Your experience applies equally to all skills.
You are somewhat resistant to further mutation.


Message History

Saint Roka mumbles some strange prayers to Beogh against you.
Beogh smites you!
* * * LOW HITPOINT WARNING * * *
You barely miss Saint Roka. You bite Saint Roka, but do no damage.
Saint Roka is heavily wounded.
You puncture Saint Roka! Your bite misses Saint Roka.
Saint Roka is heavily wounded.
Saint Roka barely misses you.
You barely miss Saint Roka.
Saint Roka is heavily wounded.
You puncture Saint Roka!
Saint Roka is heavily wounded.
Saint Roka mumbles some strange prayers to Beogh against you.
Beogh smites you!
* * * LOW HITPOINT WARNING * * *
You puncture Saint Roka!
Saint Roka is heavily wounded.
You are too berserk!
You impale Saint Roka!! Your bite misses Saint Roka.
Saint Roka is severely wounded.
You block Saint Roka's attack.
You hit Saint Roka. Your bite misses Saint Roka.
Saint Roka is severely wounded.
You hit Saint Roka. Lightning courses through Saint Roka!
Saint Roka is severely wounded.
Saint Roka hits you with a +0 long sword!
* * * LOW HITPOINT WARNING * * *
You are too berserk!
You puncture Saint Roka!
Saint Roka is almost dead.
You hit Saint Roka but do no damage.
Saint Roka is almost dead.
Saint Roka hits you with a +0 long sword.
* * * LOW HITPOINT WARNING * * *
You puncture Saint Roka!
Saint Roka is almost dead.
You barely miss Saint Roka. Your bite misses Saint Roka.
Saint Roka is almost dead.
Saint Roka hits you with a +0 long sword!!
You die...

#...#....[.#)......#####
##..#..)[)[.).....###..##
##....[.[[[.......##....#
##.#.....[..#)......#...##
#........[.###.##........#
##........>.#............##
#.....#..[)########....###
##.....#..o.#.....#...##
##.....##..@#.....#..###
#.......##..#..........##
#.......##..#.....#.....#
##.....####.#.....#....##
##.......#..#.....##...#
#...........#.....###.##
##....#..#..########...#
##.#........# ##.##
#..........## ###


You could see Saint Roka.

Vanquished Creatures
  7 nameless horrors
  A red draconian (Volcano)
  A boulder beetle (D:11)
  An ogre mage (Volcano)
  6 two-headed ogres
  The ghost of hemabe71 the Charlatan, a novice HuAr of Okawaru (D:8)
  Pikel (D:8)
  5 orc knights
  An orc sorcerer (Orc:2)
  A gargoyle (D:11)
  Maggie (D:7)
  A komodo dragon (D:10)
  A kobold demonologist (D:9)
  6 trolls
  A hornet (D:8)
  A slime creature (D:9)
  A wraith (D:11)
  6 wyverns
  A vampire (D:11)
  23 yaks
  A steam dragon (D:8)
  3 vampire mosquitoes (D:12)
  Menkaure (D:7)
  23 orc warriors
  4 water moccasins
  A black bear (D:7)
  2 ice beasts (D:6)
  4 ogres
  2 lemures (D:7)
  A centaur (D:7)
  A kobold brigand (D:9)
  2 phantoms
  2 bullfrogs
  A gnoll sergeant (D:7)
  2 scorpions
  A wight (D:6)
  15 killer bees
  4 howler monkeys
  11 jellies
  12 orc priests
  A hound (Temple)
  An iguana (D:6)
  15 orc wizards
  Ijyb (D:5)
  5 adders
  15 gnolls
  4 white imps
  An ufetubus (D:5)
  39 orcs
  4 ball pythons
  3 bats
  17 endoplasms
  6 giant cockroaches
  10 goblins
  11 hobgoblins
  2 jackals (D:3)
  2 quokkas (D:2)
  5 frilled lizards
  10 kobolds
  4 rats
316 creatures vanquished.

Vanquished Creatures (collateral kills)
  An orc high priest (Orc:2)
  An orc sorcerer (Orc:2)
  A hornet (D:7)
  A troll (Orc:1)
  6 orc warriors
  A phantom (D:5)
  A bullfrog (D:7)
  A scorpion (D:4)
  3 killer bees
  6 orc priests
  4 orc wizards (Orc:2)
  Robin (D:2)
  2 gnolls
  A worm (D:2)
  A dart slug (D:1)
  18 orcs
  2 endoplasms (D:2)
  A giant cockroach (D:4)
  4 goblins
  4 hobgoblins
  6 jackals
  A quokka (D:2)
  A kobold (D:3)
  A rat (D:2)
69 creatures vanquished.

Vanquished Creatures (others)
  8 fungi
  14 plants
22 creatures vanquished.

Grand Total: 407 creatures vanquished

Notes
Turn   | Place    | Note
-------+----------+-------------------------------------------
     0 | D:1      | Ignak the Gnoll Hedge Wizard began the quest for the Orb.
     0 | D:1      | Reached XP level 1. HP: 13/13 MP: 8/8
    28 | D:1      | Found Cycuriv's Distillery.
    62 | D:1      | Reached XP level 2. HP: 10/20 MP: 8/10
    72 | D:1      | Learned a level 2 spell: Blink
    74 | D:1      | Learned a level 1 spell: Slow
    77 | D:1      | Learned a level 2 spell: Call Imp
   598 | D:1      | Reached XP level 3. HP: 25/25 MP: 11/11
   736 | D:1      | Learned a level 3 spell: Mephitic Cloud
  1003 | D:2      | Found a bloodstained altar of Trog.
  1051 | D:2      | Reached skill level 1 in Invocations
  1179 | D:2      | Found Gaipho Eqeon's Book Emporium.
  1448 | D:2      | Identified the +0 pair of boots of the Worm {rF++}
  1817 | D:2      | Reached skill level 1 in Fighting
  1817 | D:2      | Reached skill level 1 in Short Blades
  1817 | D:2      | Reached skill level 1 in Long Blades
  1817 | D:2      | Reached skill level 1 in Axes
  1817 | D:2      | Reached skill level 1 in Maces & Flails
  1817 | D:2      | Reached skill level 1 in Polearms
  1817 | D:2      | Reached skill level 1 in Staves
  1817 | D:2      | Reached skill level 1 in Slings
  1817 | D:2      | Reached skill level 1 in Bows
  1817 | D:2      | Reached skill level 1 in Crossbows
  1817 | D:2      | Reached skill level 1 in Throwing
  1817 | D:2      | Reached skill level 1 in Armour
  1817 | D:2      | Reached skill level 1 in Shields
  1817 | D:2      | Reached skill level 1 in Unarmed Combat
  1817 | D:2      | Reached skill level 1 in Evocations
  1850 | D:2      | Noticed Robin
  1932 | D:2      | Reached XP level 4. HP: 27/32 MP: 10/13
  1981 | D:2      | Killed Robin
  2259 | D:3      | Reached skill level 1 in Hexes
  2259 | D:3      | Reached skill level 1 in Necromancy
  2259 | D:3      | Reached skill level 1 in Transmutations
  2259 | D:3      | Reached skill level 1 in Fire Magic
  2259 | D:3      | Reached skill level 1 in Ice Magic
  2259 | D:3      | Reached skill level 1 in Air Magic
  2259 | D:3      | Reached skill level 1 in Earth Magic
  2259 | D:3      | Reached skill level 1 in Poison Magic
  2309 | D:3      | Reached XP level 5. HP: 37/37 MP: 8/14
  3146 | D:4      | Found a staircase to the Ecumenical Temple.
  3160 | Temple   | Entered the Ecumenical Temple
  3487 | Temple   | Became a worshipper of Sif Muna the Loreminder
  3531 | D:4      | Found Xoiheuc's Book Boutique.
  3572 | D:4      | Found a blossoming altar of Fedhas.
  3573 | D:4      | Found an iron altar of Okawaru.
  3606 | D:4      | Found Leed Ippu's Distillery.
  3931 | D:4      | HP: 1/37 [scorpion (6)]
  3934 | D:4      | Reached XP level 6. HP: 8/44 MP: 10/16
  4212 | D:4      | Found Ucsemu's Weapon Shoppe.
  4373 | D:4      | Found Wiatol's Antique Weapon Shop.
  4385 | D:4      | Gained mutation: You sometimes lose the ability to read
                  | scrolls when taking damage. [potion of mutation]
  4629 | D:4      | Found Surasi's Antique Weapon Shoppe.
  4669 | D:5      | Entered Level 5 of the Dungeon
  4688 | D:5      | Noticed Ijyb
  4714 | D:5      | Killed Ijyb
  4885 | D:4      | Bought a transparent spear for 176 gold pieces
  4885 | D:4      | Identified the +4 spear "Luagrell" {vorpal, rPois Str+2
                  | SInv} (You bought it in a shop on level 4 of the Dungeon)
  5038 | D:5      | Reached skill level 5 in Dodging
  5060 | D:5      | Found a stormy altar of Qazlal.
  5623 | D:5      | Reached XP level 7. HP: 44/50 MP: 14/18
  6481 | D:5      | Reached skill level 5 in Stealth
  6636 | D:5      | Lost mutation: You sometimes lose the ability to read
                  | scrolls when taking damage. [potion of mutation]
  6636 | D:5      | Gained mutation: You are somewhat resistant to further
                  | mutation. [potion of mutation]
  6686 | D:6      | Reached * piety under Sif Muna
  6837 | D:6      | Identified the +1 scale mail of Weak Liberty {rPois rF+
                  | Dex+4 SInv}
  6887 | D:5      | Learned a level 2 spell: Static Discharge
  6951 | D:6      | Reached XP level 8. HP: 55/57 MP: 12/19
  8335 | D:6      | Reached skill level 8 in Spellcasting
  8526 | D:7      | Noticed Maggie
  8753 | D:7      | Killed Maggie
  8754 | D:7      | Reached XP level 9. HP: 65/65 MP: 18/21
  8843 | D:7      | Identified the +9 rapier of Huracef {elec, *Rage Int+3}
  9246 | D:7      | Noticed Menkaure
  9264 | D:7      | Killed Menkaure
  9515 | D:7      | Found a hide-covered altar of Uskayaw.
  9633 | D:7      | Found Ijuloir's Antique Armour Shoppe.
  9879 | D:7      | Noticed a hornet
  9887 | D:7      | Killed a hornet
 10189 | D:8      | Noticed Pikel
 10248 | D:8      | Killed Pikel
 10248 | D:8      | Reached ** piety under Sif Muna
 10249 | D:8      | Reached skill level 5 in Invocations
 10499 | D:7      | Reached XP level 10. HP: 67/73 MP: 19/22
 10893 | D:8      | Reached skill level 5 in Fighting
 10893 | D:8      | Reached skill level 5 in Short Blades
 10893 | D:8      | Reached skill level 5 in Long Blades
 10893 | D:8      | Reached skill level 5 in Axes
 10893 | D:8      | Reached skill level 5 in Maces & Flails
 10893 | D:8      | Reached skill level 5 in Polearms
 10893 | D:8      | Reached skill level 5 in Staves
 10893 | D:8      | Reached skill level 5 in Slings
 10893 | D:8      | Reached skill level 5 in Bows
 10893 | D:8      | Reached skill level 5 in Crossbows
 10893 | D:8      | Reached skill level 5 in Throwing
 10893 | D:8      | Reached skill level 5 in Armour
 10893 | D:8      | Reached skill level 5 in Shields
 10893 | D:8      | Reached skill level 5 in Unarmed Combat
 10893 | D:8      | Reached skill level 5 in Evocations
 11192 | D:7      | Bought a fine robe for 176 gold pieces
 11192 | D:7      | Identified the +0 robe of the Beginning {Int+2} (You bought
                  | it in a shop on level 7 of the Dungeon)
 11266 | D:8      | Reached skill level 9 in Spellcasting
 11508 | D:8      | Found a transporter.
 11511 | D:8      | Noticed hemabe71's ghost (novice HuAr)
 11512 | D:8      | Found a transporter.
 11663 | D:8      | Learned a level 5 spell: Lightning Bolt
 11875 | D:8      | Reached skill level 5 in Conjurations
 11875 | D:8      | Reached skill level 5 in Summonings
 11875 | D:8      | Reached skill level 5 in Translocations
 12257 | D:8      | Killed hemabe71's ghost
 12376 | D:9      | Learned a level 3 spell: Ozocubu's Armour
 12795 | D:9      | Reached *** piety under Sif Muna
 12808 | D:9      | Reached XP level 11. HP: 81/81 MP: 2/24
 13193 | D:10     | Entered Level 10 of the Dungeon
 13674 | D:9      | Reached skill level 5 in Hexes
 13674 | D:9      | Reached skill level 5 in Necromancy
 13674 | D:9      | Reached skill level 5 in Transmutations
 13674 | D:9      | Reached skill level 5 in Fire Magic
 13674 | D:9      | Reached skill level 5 in Ice Magic
 13674 | D:9      | Reached skill level 5 in Air Magic
 13674 | D:9      | Reached skill level 5 in Earth Magic
 13674 | D:9      | Reached skill level 5 in Poison Magic
 14134 | D:10     | Identified the +6 dagger of Untimely Demise {vorpal, Fly}
 14346 | D:10     | Reached **** piety under Sif Muna
 14458 | D:10     | Found Nafrehio's General Store.
 14476 | D:10     | Learned a level 4 spell: Flame Wave
 14483 | D:10     | Learned a level 6 spell: Summon Cactus Giant
 14722 | D:11     | Noticed a two-headed ogre
 14725 | D:11     | Noticed a nameless horror
 14729 | D:11     | Noticed a two-headed ogre
 14749 | D:11     | Found a staircase to the Orcish Mines.
 14763 | D:11     | Killed a two-headed ogre
 15227 | D:11     | Killed a nameless horror
 15509 | D:11     | Noticed a boulder beetle
 15523 | D:11     | Killed a boulder beetle
 15524 | D:11     | Reached skill level 10 in Spellcasting
 15667 | D:11     | Found a staircase to the Lair.
 15704 | D:11     | Reached XP level 12. HP: 87/89 MP: 24/26
 15714 | D:11     | Noticed a nameless horror
 16062 | D:11     | Killed a nameless horror
 16376 | D:12     | Noticed a boulder beetle
 16693 | Orc:1    | Entered Level 1 of the Orcish Mines
 17039 | D:11     | Killed a two-headed ogre
 17261 | Orc:2    | Entered Level 2 of the Orcish Mines
 17308 | Orc:2    | Found a dark tunnel.
 17317 | Volcano  | Entered a volcano
 17354 | Volcano  | Noticed an ogre mage
 17356 | Volcano  | Noticed a two-headed ogre
 17356 | Volcano  | Noticed a two-headed ogre
 17358 | Volcano  | Killed an ogre mage
 17361 | Volcano  | Killed a two-headed ogre
 17366 | Volcano  | Killed a two-headed ogre
 17368 | Volcano  | Noticed a two-headed ogre
 17394 | Volcano  | Killed a two-headed ogre
 17450 | Volcano  | Noticed a red draconian
 17458 | Volcano  | Killed a red draconian
 17510 | Volcano  | Noticed a two-headed ogre
 17524 | Volcano  | Killed a two-headed ogre
 18194 | Orc:1    | Noticed a nameless horror
 18207 | Orc:2    | Killed a nameless horror
 18906 | Orc:1    | Noticed a nameless horror
 18937 | Orc:1    | Killed a nameless horror
 20038 | Orc:1    | Noticed a nameless horror
 20060 | Orc:2    | Killed a nameless horror
 20879 | Orc:2    | Reached XP level 13. HP: 73/98 MP: 25/27
 21172 | Orc:2    | Noticed Blork the orc
 21284 | Orc:2    | Found a staircase to the Elven Halls.
 21337 | Orc:2    | Noticed Saint Roka
 22027 | Orc:1    | HP: 6/147 [Saint Roka/+0 long sword (4)]
 22029 | Orc:1    | Annihilated by Saint Roka

Illustrated notes

Levels and vault maps discovered:
D:1:      sevenhm_arrival_forest_fort_small_4, layout_loops_ring, serial_shops,
          nicolae_shop_statue_plus, minmay_misc_feat_tiny
D:2:      layout_basic, serial_shops, nicolae_lakefront_shop,
          serial_bayou_pond_e, minmay_hexomino_r4, uniq_robin
D:3:      layout_basic, due_unseen_surprise
D:4:      layout_cave_pods, nicolae_overflow_squiral,
          minmay_temple_entry_stoned_glass, serial_shops, shop_fountains, shop,
          shop, nicolae_shop_crystal, shop_statue
D:5:      layout_basic, nicolae_qazlal_eye_of_the_storm,
          hangedman_decor_diamond_cutter, dk_noncrumbling_4,
          chequers_serial_rivers_marsh, nrook_pool_corridor, uniq_ijyb
D:6:      corexii_shantytown, layout_loops_ring, dreamdust_princess_bridge,
          kennysheep_generic_room_5
D:7:      layout_basic, nicolae_uskayaw_suspiria, serial_shops,
          nicolae_shop_hallway_plus, grunt_ministairs_6, uniq_menkaure,
          uniq_maggie
D:8:      layout_cave_pools, gammafunk_ghost_hive, minmay_statues_item,
          uniq_pikel
D:9:      lemuel_slime, layout_basic
D:10:     layout_rooms, serial_shops, shop_fountains
D:11:     layout_stronghold, minmay_lair_entry_grove, orc_0_dummy
D:12:     layout_basic
Temple:   dpeg_five_rooms_temple
Orc:1:    layout_caves, serial_shops, shop, basic_altar, special_room
          [special_room_orc]
Orc:2:    grunt_orc_cross, layout_diamond_mine, lightli_volcano_entry_magma_tube

Skill      XL: |  1  2  3  4  5  6  7  8  9 10 11 12 13 |
---------------+----------------------------------------+-----
Conjurations   | 2 3 4 5 6 7 |  7.1
Summonings     | 2 3 4 5 6 7 |  7.1
Translocations | 2 3 4 5 6 7 |  7.1
Invocations    | 1 2 3 4 5 6 7 8 |  8.8
Fighting       | 1 2 3 4 5 6 7 8 |  8.1
Short Blades   | 1 2 3 4 5 6 7 8 |  8.1
Long Blades    | 1 2 3 4 5 6 7 8 |  8.1
Axes           | 1 2 3 4 5 6 7 8 |  8.1
Maces & Flails | 1 2 3 4 5 6 7 8 |  8.1
Polearms       | 1 2 3 4 5 6 7 8 |  8.1
Staves         | 1 2 3 4 5 6 7 8 |  8.1
Slings         | 1 2 3 4 5 6 7 8 |  8.1
Bows           | 1 2 3 4 5 6 7 8 |  8.1
Crossbows      | 1 2 3 4 5 6 7 8 |  8.1
Throwing       | 1 2 3 4 5 6 7 8 |  8.1
Armour         | 1 2 3 4 5 6 7 8 |  8.1
Shields        | 1 2 3 4 5 6 7 8 |  8.1
Unarmed Combat | 1 2 3 4 5 6 7 8 |  8.1
Evocations     | 1 2 3 4 5 6 7 8 |  8.1
Hexes          | 1 2 3 4 5 6 |  6.7
Necromancy     | 1 2 3 4 5 6 |  6.7
Transmutations | 1 2 3 4 5 6 |  6.7
Fire Magic     | 1 2 3 4 5 6 |  6.7
Ice Magic      | 1 2 3 4 5 6 |  6.7
Air Magic      | 1 2 3 4 5 6 |  6.7
Earth Magic    | 1 2 3 4 5 6 |  6.7
Poison Magic   | 1 2 3 4 5 6 |  6.7
Dodging        | 5 6 7 8 9 |  9.3
Stealth        | 5 6 7 8 9 |  9.2
Spellcasting   | 8 9 10 | 10.8

Action                   |  1- 3 |  4- 6 |  7- 9 | 10-12 | 13-15 || total
-------------------------+-------+-------+-------+-------+-------++-------
Melee: Dagger            |    13 |       |       |       |       ||    13
       Short sword       |    78 |    18 |       |       |       ||    96
       Bite              |     8 |    17 |    35 |    75 |    29 ||   164
       Spear             |       |   119 |   252 |   382 |   135 ||   888
       Falchion          |       |    31 |       |       |       ||    31
       Hand axe          |       |     2 |       |       |       ||     2
       Punch             |       |     3 |     3 |       |       ||     6
       Rapier            |       |       |       |   187 |    31 ||   218
 Cast: Magic Dart        |    21 |    11 |     1 |     2 |     1 ||    36
       Call Imp          |     9 |    18 |    25 |    18 |       ||    70
       Mephitic Cloud    |       |     8 |    25 |    79 |    13 ||   125
       Blink             |       |     4 |     5 |    16 |     1 ||    26
       Static Discharge  |       |       |    25 |    10 |       ||    35
       Slow              |       |       |     3 |     1 |       ||     4
       Lightning Bolt    |       |       |       |    11 |       ||    11
       Ozocubu's Armour  |       |       |       |    11 |     1 ||    12
       Flame Wave        |       |       |       |    16 |       ||    16
       Summon Cactus Gia |       |       |       |     7 |     5 ||    12
       Ozocubu's Refrige |       |       |       |     1 |     1 ||     2
Invok: Channel Magic     |       |       |       |     2 |       ||     2
       Forget Spell      |       |       |       |     1 |       ||     1
       Divine Exegesis   |       |       |       |     1 |     1 ||     2
Evoke: Wand              |       |     4 |     1 |     2 |       ||     7
  Use: Potion            |       |     7 |     6 |     7 |     3 ||    23
       Scroll            |       |     8 |     2 |     6 |     4 ||    20
 Stab: Sleeping          |     6 |     5 |     8 |     4 |       ||    23
       Distracted        |     1 |     1 |       |     3 |       ||     5
       Confused          |       |     1 |     9 |    46 |     7 ||    63
       Paralysed         |       |       |       |     1 |       ||     1
Armor: Robe              |    24 |     8 |       |       |       ||    32
       Leather armour    |       |    31 |       |       |       ||    31
       Ring mail         |       |    15 |    36 |       |       ||    51
       Steam dragon scal |       |       |    16 |    98 |       ||   114
       Troll leather arm |       |       |       |    12 |    18 ||    30
Dodge: Dodged            |    71 |   118 |   154 |   375 |    73 ||   791
Block: Buckler           |       |       |    27 |   202 |    44 ||   273

Table legend: (Time is in decaauts)
 A = Elapsed time spent in this place.
 B = Non-inter-level travel time spent in this place.
 C = Inter-level travel time spent in this place.
 D = Time resting spent in this place.
 E = Time spent auto-exploring this place.
 F = Levels seen in this place.
 G = Mean time per level.
                   A        B        C        D        E       F      G
               +--------+--------+--------+--------+--------+-----+--------+
         Total |  22061 |  21640 |    421 |   7572 |   7014 |  16 | 1378.8 |
       Dungeon |  16564 |  16171 |    393 |   4978 |   6241 |  12 | 1380.3 |
        Temple |    357 |    329 |     28 |      0 |    260 |   1 |  357.0 |
  Orcish Mines |   4596 |   4596 |      0 |   2487 |    327 |   2 | 2298.0 |
       Volcano |    542 |    542 |      0 |    107 |    186 |   1 |  542.0 |
               +--------+--------+--------+--------+--------+-----+--------+

Top non-repeatable levels by time:
     D:6: 2379 daAuts
   Orc:2: 2371 daAuts
   Orc:1: 2225 daAuts
    D:11: 1912 daAuts
     D:7: 1729 daAuts
     D:5: 1724 daAuts
     D:8: 1703 daAuts
     D:9: 1620 daAuts
     D:4: 1306 daAuts
     D:2: 1138 daAuts
     D:3: 1070 daAuts
    D:10: 965 daAuts
     D:1: 952 daAuts
 Volcano: 542 daAuts
  Temple: 357 daAuts
